 Dungeon Crawl Stone Soup version 0.19-a0-1899-g2d93087 (webtiles) character file.

3450 JeffiDaFish the Slasher (level 10, 0/129 HPs)
             Began as a Hill Orc Fighter on Oct 20, 2016.
             Was an Initiate of Beogh.
             Succumbed to a gnoll sergeant's poison
             ... on level 9 of the Dungeon.
             The game lasted 00:35:26 (9827 turns).

JeffiDaFish the Slasher (Hill Orc Fighter)          Turns: 9827, Time: 00:35:26

Health: 0/129      AC:  9    Str: 31    XL:     10   Next: 6%
Magic:  16/16      EV: 10    Int:  8    God:    Beogh [......]
Gold:   490        SH: 12    Dex: 10    Spells: 4 memorised, 8 levels left

rFire  + + .     SeeInvis .     G - +3 falchion (holy)
rCold  + . .     Gourm    +     r - +3 ring mail {rF+}
rNeg   . . .     Faith    .     c - +1 shield
rPois  +         Spirit   .     (no helmet)
rElec  +         Reflect  .     (no cloak)
rCorr  +         Harm     .     (no gloves)
MR     .....                    (no boots)
Stlth  ..........               q - amulet of the gourmand
                                x - +3 ring of strength
                                p - ring of stealth

@: berserking, lethally poisoned (0 -> -4), resistant, drained, very quick
A: mutation resistance 1
a: Renounce Religion


You were on level 9 of the Dungeon.
You worshipped Beogh.
Beogh was noncommittal.
You were very full.

You visited 1 branch of the dungeon, and saw 9 of its levels.

You collected 490 gold pieces.

Inventory:

Hand Weapons
 G - a +3 falchion of holy wrath (weapon)
Armour
 c - a +1 shield (worn)
 r - a +3 ring mail of fire resistance (worn)
Jewellery
 p - a ring of stealth (left hand)
 q - an amulet of the gourmand (around neck)
 x - a +3 ring of strength (right hand)
 A - an uncursed amulet of rage
Scrolls
 e - 2 scrolls of amnesia
 h - 2 scrolls of fog
 i - a scroll of remove curse
 m - a scroll of fear
 v - a scroll of blinking
 w - 3 scrolls of identify
Potions
 d - a potion of might
 u - a potion of berserk rage
 z - a potion of agility
 F - a potion of brilliance
Books
 b - a book of Debilitation

   Spells                             Type                      Level
   a - Corona                         Hexes                        1
   b - Slow                           Hexes                        2
   c - Gell's Gravitas                Hexes/Translocation          3
   d - Inner Flame                    Hexes/Fire                   3
   e - Cause Fear                     Hexes                        4
   f - Leda's Liquefaction            Hexes/Earth                  4
 n - a book of Callings

   Spells                             Type                      Level
   a - Summon Small Mammal            Summoning                    1
   b - Call Imp                       Summoning                    2
   c - Call Canine Familiar           Summoning                    3
   d - Summon Guardian Golem          Hexes/Summoning              3
   e - Summon Lightning Spire         Summoning/Air                4
   f - Summon Ice Beast               Ice/Summoning                4
 B - a book of Maledictions

   Spells                             Type                      Level
   a - Corona                         Hexes                        1
   b - Ensorcelled Hibernation        Hexes/Ice                    2
   c - Confuse                        Hexes                        3
   d - Tukima's Dance                 Hexes                        3
   e - Dazzling Spray                 Conjuration/Hexes            3
 C - a book of Air

   Spells                             Type                      Level
   a - Shock                          Conjuration/Air              1
   b - Swiftness                      Charms/Air                   2
   c - Repel Missiles                 Charms/Air                   2
   d - Static Discharge               Conjuration/Air              3
   e - Lightning Bolt                 Conjuration/Air              5
 D - a book of Misfortune

   Spells                             Type                      Level
   a - Confusing Touch                Hexes                        1
   b - Confuse                        Hexes                        3
   c - Gell's Gravitas                Hexes/Translocation          3
   d - Petrify                        Transmutation/Earth          4
   e - Metabolic Englaciation         Hexes/Ice                    5
   f - Yara's Violent Unravelling     Hexes/Transmutation          5
Comestibles
 f - 6 bread rations
 j - 3 fruits
 l - 2 beef jerkies
 o - a slice of pizza
 t - 9 meat rations


   Skills:
 + Level 7.5(6.5) Fighting
 + Level 7.7(6.7) Long Blades
 + Level 6.6(5.6) Armour
 - Level 3.6(2.7) Dodging
 - Level 3.5(2.6) Stealth
 + Level 7.1(6.1) Shields
 * Level 4.0(3.1) Spellcasting
 * Level 3.1(2.2) Conjurations
 * Level 3.5(2.6) Hexes


You had 8 spell levels left.
You knew the following spells:

 Your Spells              Type           Power        Failure   Level  Hunger
a - Confuse               Hex            #.......     98%         3    ####...
b - Dazzling Spray        Conj/Hex       #.....       98%         3    ####...
c - Slow                  Hex            #.......     82%         2    ###....
d - Confusing Touch       Hex            #.....       58%         1    ##.....


Dungeon Overview and Level Annotations

Branches:
Dungeon (9/15)             Temple (0/1) D:4            Lair (0/6) D:9
    Orc (0/2) D:9

Altars:
Cheibriados
Dithmenos
Elyvilon
Fedhas
Gozag
Hepliaklqana
Kikubaaqudgha
Makhleb
Nemelex Xobeh
Okawaru
Ru
Uskayaw
Vehumet
The Shining One

Shops:
D:4 :   D:6 *%


Innate Abilities, Weirdness & Mutations

You are somewhat resistant to further mutation.


Message History

* * * LOW HITPOINT WARNING * * *
You feel sick.
* * * LOW HITPOINT WARNING * * *
You feel sick.
You see here a leather armour.
You hit the orc but do no damage.
* * * LOW HITPOINT WARNING * * *
You feel sick. You block the orc's attack.
You slash the orc!
You kill the orc!
Beogh accepts your kill.
* * * LOW HITPOINT WARNING * * *
You feel sick.
* * * LOW HITPOINT WARNING * * *
You feel sick.
Things that are here:
a war axe; an orc corpse A red film seems to cover your vision as you go berserk!
You feel yourself moving faster!
You feel mighty!
You die... ##..# ####.....# #....... #...# ####.....# #....... #...# ..8###.### ##...... #...# .gg# #.# #...... #...# ogo# #.# #...... #...#. gKO#

#.# #....^.
#...#8..T8###.##########.#
#.#.###'###...........)..#
#.#...).o@[)#..........#..
#.####################.###
#.# #..###########.###
#.#######..............#..
#.........############.#.#
########### #.#.# #.#.#
#.... #....


You could see an orc warrior.

Vanquished Creatures
  An ugly thing (D:8)
  A hungry ghost (D:9)
  Edmund (D:4)
  A porcupine (D:9)
  An orc warrior (D:9)
  An ice beast (D:9)
  An eye of draining (D:8)
  3 ogres
  2 centaurs (D:8)
  6 bullfrogs
  3 scorpions
  5 killer bees (D:8)
  4 wights (D:6)
  A howler monkey (D:4)
  A bullfrog zombie (D:7)
  2 crimson imps
  3 centaur zombies
  3 hounds
  Crazy Yiuf (D:7)
  2 bullfrog skeletons (D:8)
  Ijyb (D:3)
  3 iguanas
  7 worker ants
  3 orc wizards
  A hound skeleton (D:6)
  A mummy (D:5)
  A worker ant zombie (D:5)
  8 gnolls
  12 adders
  2 oozes
  An adder zombie (D:5)
  A dart slug (D:1)
  5 worms
  5 leopard geckos
  12 orcs
  2 ball pythons
  4 giant cockroaches
  6 hobgoblins
  11 jackals
  8 quokkas
  A ball python skeleton (D:4)
  10 bats
  7 frilled lizards
  A giant cockroach zombie (D:5)
  6 goblins
  6 kobolds
  A quokka skeleton (D:8)
  10 rats
179 creatures vanquished.

Vanquished Creatures (others)
  An orc (D:8)
1 creature vanquished.

Grand Total: 180 creatures vanquished

Notes
Turn   | Place    | Note
-------+----------+-------------------------------------------
     0 | D:1      | JeffiDaFish the Hill Orc Fighter began the quest for the Orb.
     0 | D:1      | Reached XP level 1. HP: 19/19 MP: 1/1
   233 | D:1      | Reached XP level 2. HP: 27/27 MP: 2/2
   571 | D:1      | Reached XP level 3. HP: 33/33 MP: 3/3
  1007 | D:2      | Reached skill level 5 in Long Blades
  1007 | D:2      | Reached skill level 5 in Armour
  1007 | D:2      | Reached skill level 5 in Shields
  1007 | D:2      | Reached XP level 4. HP: 39/44 MP: 3/8
  1695 | D:3      | Reached XP level 5. HP: 33/50 MP: 9/9
  1907 | D:3      | Noticed Ijyb
  1939 | D:3      | Killed Ijyb
  2024 | D:3      | Found a shadowy altar of Dithmenos.
  2607 | D:3      | Reached XP level 6. HP: 56/57 MP: 10/10
  3413 | D:4      | Found Gaocwad's Book Shop.
  3719 | D:4      | Reached XP level 7. HP: 64/64 MP: 11/11
  4088 | D:4      | Noticed Edmund
  4091 | D:4      | Found a staircase to the Ecumenical Temple.
  4115 | D:4      | Killed Edmund
  4486 | D:5      | Entered Level 5 of the Dungeon
  4530 | D:5      | Found a blossoming altar of Fedhas.
  4687 | D:5      | Reached XP level 8. HP: 69/71 MP: 12/12
  4809 | D:5      | Found a snail-covered altar of Cheibriados.
  4982 | D:5      | Found a burning altar of Makhleb.
  4983 | D:5      | Found a radiant altar of Vehumet.
  5196 | D:6      | Found Piano's Food Emporium.
  5235 | D:6      | Learned a level 3 spell: Confuse
  5239 | D:6      | Learned a level 3 spell: Dazzling Spray
  5573 | D:6      | Learned a level 2 spell: Slow
  5745 | D:6      | Found a sacrificial altar of Ru.
  6068 | D:6      | Found an opulent altar of Gozag.
  6073 | D:6      | Found Gozag's Platinum Reserve.
  6268 | D:7      | Found a hazy altar of Hepliaklqana.
  6293 | D:7      | Found an iron altar of Okawaru.
  6322 | D:7      | Gained mutation: You are somewhat resistant to further mutation. [potion of beneficial mutation]
  6348 | D:7      | Reached skill level 1 in Hexes
  6580 | D:7      | Found a runed door.
  6655 | D:7      | Noticed Crazy Yiuf
  6658 | D:7      | Paralysed by Crazy Yiuf for 4 turns
  6662 | D:7      | Killed Crazy Yiuf
  6839 | D:7      | Found a white marble altar of Elyvilon.
  6839 | D:7      | Found an ancient bone altar of Kikubaaqudgha.
  6839 | D:7      | Found a hide-covered altar of Uskayaw.
  6948 | D:7      | Reached skill level 1 in Conjurations
  7556 | D:8      | Reached XP level 9. HP: 68/79 MP: 13/13
  7834 | D:8      | Learned a level 1 spell: Confusing Touch
  8217 | D:8      | Noticed a white ugly thing
  8223 | D:8      | Became a worshipper of Beogh the Brigand
  8241 | D:8      | Killed a cyan ugly thing
  8930 | D:9      | Found a staircase to the Lair.
  8966 | D:9      | Reached XP level 10. HP: 77/86 MP: 13/16
  9090 | D:9      | Found a sparkling altar of Nemelex Xobeh.
  9136 | D:9      | Found a glowing golden altar of the Shining One.
  9264 | D:9      | Found a staircase to the Orcish Mines.
  9822 | D:9      | HP: 4/86 [poisoned by a gnoll sergeant]
  9826 | D:9      | HP: 1/86 [poisoned by a gnoll sergeant]
  9827 | D:9      | Succumbed to a gnoll sergeant's poison

Vault maps used:
D:1:      sevenhm_arrival_forest_fort_small_3, minmay_fountain_box
D:2:      serial_bayou_pond_a
D:3:      grunt_dithmenos_smoke_and_mirrors, uniq_iyjb
D:4:      serial_shops, nicolae_shop_statue_plus, uniq_edmund
D:5:      grunt_temple_overflow_lords_of_destruction, lemuel_round_altar,
          slow_altar_1, first_bread
D:6:      hangedman_ru_absence, serial_shops, nicolae_shop_window_shopping,
          nicolae_gozag_zags_fifth_avenue
D:7:      lemuel_crystal_altar, okawaru_gym_becter,
          gammafunk_temple_overflow_forgotten, uniq_crazy_yiuf_cottage
D:8:      lemuel_upstairs_altar
D:9:      old_standard_altar, dpeg_lair_monsters,
          kennysheep_orc_monster_closet_entryway, the_bakery,
          nemelex_diamond_rough_becter

Skill      XL: |  1  2  3  4  5  6  7  8  9 |
---------------+----------------------------+-----
Fighting       | 6 7 |  7.5
Long Blades    | 5 6 7 |  7.7
Armour         | 5 6 |  6.6
Dodging        | 3 |  3.6
Stealth        | 3 |  3.5
Shields        | 5 6 7 |  7.1
Spellcasting   | 2 3 4 |  4.0
Hexes          | 2 3 |  3.5
Conjurations   | 1 3 |  3.1

Action                   |  1- 3 |  4- 6 |  7- 9 | 10-12 || total
-------------------------+-------+-------+-------+-------++-------
Melee: Long sword        |   101 |   235 |   334 |       ||   670
       Falchion          |       |       |   113 |    36 ||   149
 Cast: Confusing Touch   |       |       |     1 |       ||     1
Invok: Convert to Beogh  |       |       |     1 |       ||     1
  Use: Scroll            |     5 |     6 |     7 |     4 ||    22
       Potion            |     3 |     3 |     7 |     3 ||    16
 Stab: Sleeping          |       |     1 |    12 |       ||    13
       Distracted        |       |       |     1 |       ||     1
  Eat: Chunk             |     1 |    20 |    18 |     1 ||    40
Armor: Scale mail        |    58 |    31 |       |       ||    89
       Ring mail         |       |    58 |    94 |    21 ||   173
Dodge: Dodged            |    46 |    81 |   128 |    26 ||   281
Block: Shield            |    74 |   122 |   236 |    47 ||   479
       Rpst.: Long sword |    12 |    26 |    32 |       ||    70
       Falchion          |       |       |     8 |     4 ||    12
